2669 views
Uploaded 2019-12-06 22:28:16
Game version 1.32.0.3 / 1.32.0.3.1
28:42 long 3on3 ladder game on (6)Monsoon_LV
Saved by BEARAND
2669 views
Uploaded 2019-12-06 22:28:16
Game version 1.32.0.3 / 1.32.0.3.1
28:42 long 3on3 ladder game on (6)Monsoon_LV


86 units @ 5.8k
/ 0.1k
322 buildings @ 22k
/ 9k



| Moonstone | 3 | 150 |
| Orb of Venom | 2 | 650 |
| Boots of Speed | 3 | 750 |
| Staff of Teleportation | 3 | 450 |
| Circlet of Nobility | 1 | 175 |
| Scroll of Regeneration | 1 | 100 |
| Staff of Sanctuary | 2 | 500 |
| total: | 15 | 2775g |
| Wisp | 39 | 2340 | / | 0 |
| total: | 39 | 2340g | / | 0w |
| Moon Well | 18 | 3240 | / | 720 |
| Altar of Elders | 1 | 180 | / | 50 |
| Ancient of Wonders | 3 | 270 | / | 90 |
| Hunter's Hall | 1 | 210 | / | 100 |
| Tree of Life | 3 | 1020 | / | 555 |
| Tree of Ages | 1 | 320 | / | 180 |
| Tree of Eternity | 1 | 330 | / | 200 |
| total: | 26 | 4920g | / | 1515w |
| 0:02 | Wisp |
| 0:17 | Wisp |
| 0:27 | Wisp |
| 0:33 | Moon Well |
| 0:36 | Wisp |
| 0:49 | Wisp |
| 0:55 | Wisp |
| 1:07 | Wisp |
| 1:20 | Altar of Elders |
| 1:26 | Wisp |
| 1:42 | Wisp |
| 1:52 | Moon Well |
| 2:04 | Wisp |
| 2:22 | Wisp |
| 2:29 | Breath of Fire |
| 3:18 | Tree of Ages |
| 3:39 | Moon Well |
| 3:54 | Boots of Speed |
| 3:54 | Staff of Teleportation |
| 5:15 | Ancient of Wonders |
| 6:07 | Cluster Rockets |
| 7:01 | Tree of Eternity |
| 7:04 | Hunter's Hall |
| 7:07 | Ancient of Wonders |
| 7:46 | Moon Well |
| 8:43 | Moonstone |
| 8:51 | Moon Well |
| 9:34 | Tree of Life |
| 9:49 | Wisp |
| 9:49 | Wisp |
| 10:07 | Well Spring |
| 10:09 | Wisp |
| 10:10 | Wisp |
| 10:27 | Boots of Speed |
| 11:04 | Wisp |
| 11:18 | Moonstone |
| 11:29 | Moon Well |
| 11:30 | Wisp |
| 11:46 | Staff of Teleportation |
| 12:26 | Healing Spray |
| 12:46 | Engineering Upgrade |
| 12:49 | Drunken Brawler |
| 12:56 | Wisp |
| 12:56 | Wisp |
| 12:56 | Wisp |
| 12:57 | Wisp |
| 13:06 | Boots of Speed |
| 13:23 | Wisp |
| 13:23 | Wisp |
| 13:47 | Staff of Teleportation |
| 15:10 | Scroll of Regeneration |
| 15:23 | Ancient of Wonders |
| 15:40 | Wisp |
| 15:40 | Wisp |
| 15:44 | Moon Well |
| 15:45 | Moon Well |
| 16:03 | Moon Well |
| 16:15 | Orb of Venom |
| 16:18 | Staff of Sanctuary |
| 17:05 | Chemical Rage |
| 17:30 | Moon Well |
| 17:31 | Moon Well |
| 17:48 | Wisp |
| 17:49 | Wisp |
| 17:49 | Wisp |
| 19:19 | Moon Well |
| 20:14 | Moonstone |
| 20:18 | Orb of Venom |
| 20:21 | Staff of Sanctuary |
| 20:34 | Moon Well |
| 20:34 | Moon Well |
| 21:02 | Moon Well |
| 21:08 | Wisp |
| 21:09 | Wisp |
| 21:09 | Wisp |
| 21:10 | Nature's Blessing |
| 21:13 | Tree of Life |
| 21:38 | Moon Well |
| 21:39 | Moon Well |
| 21:40 | Moon Well |
| 21:51 | Tree of Life |
| 22:27 | Wisp |
| 22:27 | Wisp |
| 22:28 | Wisp |
| 23:58 | Breath of Fire |
| 24:33 | Cluster Rockets |
| 25:04 | Healing Spray |
| 26:13 | Wisp |
| 26:13 | Wisp |
| 26:14 | Wisp |
| 26:14 | Wisp |
| 26:15 | Wisp |
| 26:27 | Circlet of Nobility |
| 27:33 | Drunken Brawler |
| Right click | 1995 |
| Select group | 985 |
| Select | 418 |
| Assign group | 253 |
| Resource trade | 230 |
| Use ability | 135 |
| Build/train/purchase | 87 |
| Chat | 39 |
| Misc. action | 16 |
| Item give/drop | 5 |



x1)
| Staff of Sanctuary | 4 | 1000 |
| Boots of Speed | 3 | 750 |
| Staff of Teleportation | 4 | 600 |
| Tome of Retraining | 1 | 300 |
| Periapt of Vitality | 1 | 325 |
| Orb of Venom | 4 | 1300 |
| total: | 17 | 4275g |
| Peasant | 18 | 1350 | / | 0 |
| Priest | 3 | 405 | / | 30 |
| Sorceress | 1 | 155 | / | 20 |
| total: | 22 | 1910g | / | 50w |
| Scout Tower | 237 | 7110 | / | 4740 |
| Arcane Tower | 23 | 1610 | / | 1150 |
| Guard Tower | 84 | 5880 | / | 4200 |
| Lumber Mill | 2 | 240 | / | 0 |
| Altar of Kings | 1 | 180 | / | 50 |
| Farm | 5 | 400 | / | 100 |
| Arcane Vault | 4 | 520 | / | 120 |
| Town Hall | 1 | 385 | / | 205 |
| Blacksmith | 1 | 140 | / | 60 |
| Barracks | 1 | 160 | / | 60 |
| Arcane Sanctum | 1 | 150 | / | 140 |
| Gryphon Aviary | 1 | 140 | / | 150 |
| Keep | 2 | 640 | / | 420 |
| Castle | 2 | 720 | / | 420 |
| total: | 254 | 9425g | / | 5625w |
| 0:15 | Peasant |
| 0:24 | Peasant |
| 0:27 | Lumber Mill |
| 0:29 | Lumber Mill |
| 0:33 | Altar of Kings |
| 0:35 | Farm |
| 0:43 | Peasant |
| 0:56 | Peasant |
| 1:00 | Peasant |
| 1:03 | Farm |
| 1:04 | Farm |
| 1:10 | Scout Tower |
| 1:14 | Scout Tower |
| 1:16 | Peasant |
| 1:26 | Peasant |
| 1:35 | Scout Tower |
| 1:39 | Arcane Tower |
| 1:40 | Scout Tower |
| 1:42 | Arcane Tower |
| 1:43 | Scout Tower |
| 1:52 | Scout Tower |
| 1:52 | Scout Tower |
| 1:57 | Peasant |
| 2:02 | Scout Tower |
| 2:04 | Scout Tower |
| 2:13 | Guard Tower |
| 2:34 | Summon Water Elemental |
| 2:42 | Guard Tower |
| 2:43 | Guard Tower |
| 2:48 | Peasant |
| 2:49 | Peasant |
| 3:17 | Scout Tower |
| 3:28 | Peasant |
| 3:28 | Peasant |
| 3:30 | Scout Tower |
| 3:31 | Scout Tower |
| 3:31 | Scout Tower |
| 3:33 | Guard Tower |
| 3:34 | Guard Tower |
| 3:37 | Guard Tower |
| 3:38 | Guard Tower |
| 3:39 | Scout Tower |
| 3:40 | Scout Tower |
| 3:41 | Peasant |
| 3:41 | Peasant |
| 3:52 | Peasant |
| 3:55 | Improved Masonry |
| 3:57 | Guard Tower |
| 3:59 | Scout Tower |
| 4:01 | Guard Tower |
| 4:05 | Scout Tower |
| 4:12 | Guard Tower |
| 4:25 | Scout Tower |
| 4:27 | Scout Tower |
| 4:44 | Scout Tower |
| 4:45 | Scout Tower |
| 4:46 | Scout Tower |
| 4:49 | Scout Tower |
| 4:49 | Scout Tower |
| 4:50 | Scout Tower |
| 4:57 | Boots of Speed |
| 5:02 | Guard Tower |
| 5:03 | Scout Tower |
| 5:04 | Scout Tower |
| 5:04 | Scout Tower |
| 5:09 | Keep |
| 5:12 | Farm |
| 5:13 | Farm |
| 5:17 | Guard Tower |
| 5:19 | Scout Tower |
| 5:19 | Scout Tower |
| 5:20 | Scout Tower |
| 5:22 | Scout Tower |
| 5:22 | Scout Tower |
| 5:23 | Scout Tower |
| 5:24 | Guard Tower |
| 5:25 | Guard Tower |
| 5:46 | Scout Tower |
| 5:48 | Scout Tower |
| 5:55 | Staff of Teleportation |
| 5:55 | Staff of Teleportation |
| 6:03 | Guard Tower |
| 6:06 | Scout Tower |
| 6:07 | Scout Tower |
| 6:22 | Arcane Tower |
| 6:23 | Guard Tower |
| 6:29 | Scout Tower |
| 6:29 | Scout Tower |
| 6:30 | Scout Tower |
| 6:31 | Guard Tower |
| 6:33 | Scout Tower |
| 6:34 | Scout Tower |
| 6:34 | Scout Tower |
| 6:59 | Guard Tower |
| 7:00 | Guard Tower |
| 7:01 | Scout Tower |
| 7:02 | Scout Tower |
| 7:04 | Scout Tower |
| 7:05 | Scout Tower |
| 7:07 | Arcane Tower |
| 7:15 | Guard Tower |
| 7:28 | Guard Tower |
| 7:38 | Guard Tower |
| 7:50 | Scout Tower |
| 8:06 | Guard Tower |
| 8:08 | Scout Tower |
| 8:09 | Scout Tower |
| 8:09 | Scout Tower |
| 8:10 | Scout Tower |
| 8:18 | Guard Tower |
| 8:24 | Guard Tower |
| 8:26 | Scout Tower |
| 8:26 | Scout Tower |
| 8:53 | Storm Bolt |
| 9:01 | Arcane Sanctum |
| 9:33 | Brilliance Aura |
| 9:35 | Castle |
| 9:36 | Guard Tower |
| 9:40 | Scout Tower |
| 9:41 | Scout Tower |
| 10:17 | Magic Sentry |
| 10:17 | Priest |
| 10:17 | Priest |
| 10:18 | Priest |
| 10:20 | Advanced Masonry |
| 10:29 | Guard Tower |
| 10:31 | Scout Tower |
| 10:31 | Scout Tower |
| 10:46 | Scout Tower |
| 10:47 | Scout Tower |
| 10:55 | Scout Tower |
| 10:56 | Scout Tower |
| 10:56 | Scout Tower |
| 11:04 | Guard Tower |
| 11:06 | Scout Tower |
| 11:07 | Scout Tower |
| 11:07 | Scout Tower |
| 11:08 | Scout Tower |
| 11:12 | Scout Tower |
| 11:13 | Scout Tower |
| 11:40 | Guard Tower |
| 11:40 | Guard Tower |
| 11:46 | Scout Tower |
| 11:48 | Scout Tower |
| 11:55 | Arcane Vault |
| 11:56 | Arcane Vault |
| 12:12 | Scout Tower |
| 12:13 | Scout Tower |
| 12:13 | Scout Tower |
| 12:14 | Scout Tower |
| 12:16 | Guard Tower |
| 12:18 | Guard Tower |
| 12:19 | Scout Tower |
| 12:20 | Scout Tower |
| 12:20 | Scout Tower |
| 12:21 | Scout Tower |
| 13:02 | Guard Tower |
| 13:03 | Arcane Vault |
| 13:05 | Guard Tower |
| 13:08 | Arcane Vault |
| 13:27 | Guard Tower |
| 13:33 | Scout Tower |
| 13:33 | Scout Tower |
| 13:34 | Scout Tower |
| 13:34 | Scout Tower |
| 13:35 | Scout Tower |
| 13:35 | Scout Tower |
| 13:37 | Scout Tower |
| 13:38 | Scout Tower |
| 13:39 | Scout Tower |
| 13:39 | Scout Tower |
| 13:39 | Scout Tower |
| 13:40 | Scout Tower |
| 13:42 | Arcane Tower |
| 13:42 | Guard Tower |
| 14:03 | Staff of Sanctuary |
| 14:05 | Staff of Sanctuary |
| 14:21 | Scout Tower |
| 14:22 | Scout Tower |
| 14:23 | Scout Tower |
| 14:23 | Scout Tower |
| 14:24 | Scout Tower |
| 14:25 | Scout Tower |
| 14:25 | Scout Tower |
| 14:26 | Scout Tower |
| 14:35 | Scout Tower |
| 14:35 | Scout Tower |
| 14:36 | Scout Tower |
| 14:36 | Scout Tower |
| 14:39 | Bash |
| 14:46 | Holy Light |
| 14:55 | Town Hall |
| 15:27 | Arcane Tower |
| 15:28 | Arcane Tower |
| 16:05 | Staff of Sanctuary |
| 16:05 | Staff of Sanctuary |
| 16:14 | Guard Tower |
| 16:16 | Scout Tower |
| 16:17 | Scout Tower |
| 16:17 | Scout Tower |
| 16:18 | Scout Tower |
| 16:18 | Scout Tower |
| 16:19 | Scout Tower |
| 16:20 | Scout Tower |
| 16:22 | Guard Tower |
| 16:23 | Scout Tower |
| 16:24 | Scout Tower |
| 16:24 | Scout Tower |
| 16:25 | Scout Tower |
| 16:25 | Scout Tower |
| 16:26 | Scout Tower |
| 16:32 | Imbued Masonry |
| 16:35 | Arcane Tower |
| 16:38 | Boots of Speed |
| 16:38 | Staff of Teleportation |
| 16:48 | Tome of Retraining |
| 16:48 | Retrain Hero |
| 16:49 | Blizzard |
| 16:50 | Brilliance Aura |
| 16:51 | Periapt of Vitality |
| 16:54 | Guard Tower |
| 16:56 | Arcane Tower |
| 16:56 | Guard Tower |
| 16:57 | Guard Tower |
| 16:57 | Guard Tower |
| 17:00 | Scout Tower |
| 17:00 | Scout Tower |
| 17:01 | Scout Tower |
| 17:01 | Scout Tower |
| 17:02 | Scout Tower |
| 17:02 | Scout Tower |
| 17:47 | Guard Tower |
| 17:48 | Scout Tower |
| 17:49 | Scout Tower |
| 17:49 | Scout Tower |
| 17:50 | Scout Tower |
| 17:51 | Scout Tower |
| 17:51 | Scout Tower |
| 17:55 | Divine Shield |
| 18:22 | Guard Tower |
| 18:49 | Blizzard |
| 18:56 | Guard Tower |
| 19:08 | Guard Tower |
| 19:56 | Guard Tower |
| 20:10 | Guard Tower |
| 20:11 | Scout Tower |
| 20:12 | Scout Tower |
| 20:12 | Scout Tower |
| 20:13 | Scout Tower |
| 20:13 | Scout Tower |
| 20:13 | Scout Tower |
| 20:14 | Scout Tower |
| 20:21 | Sorceress |
| 20:22 | Sorceress Adept Training |
| 20:27 | Guard Tower |
| 20:33 | Scout Tower |
| 20:34 | Scout Tower |
| 20:35 | Scout Tower |
| 20:36 | Scout Tower |
| 20:36 | Scout Tower |
| 20:37 | Scout Tower |
| 20:37 | Scout Tower |
| 20:38 | Scout Tower |
| 20:38 | Scout Tower |
| 20:39 | Scout Tower |
| 20:39 | Scout Tower |
| 20:40 | Scout Tower |
| 20:47 | Improved Lumber Harvesting |
| 20:50 | Gryphon Aviary |
| 20:51 | Blacksmith |
| 20:52 | Barracks |
| 20:57 | Boots of Speed |
| 20:57 | Staff of Teleportation |
| 21:06 | Guard Tower |
| 21:07 | Guard Tower |
| 21:15 | Scout Tower |
| 21:16 | Scout Tower |
| 21:16 | Scout Tower |
| 21:16 | Scout Tower |
| 21:17 | Scout Tower |
| 21:17 | Scout Tower |
| 21:18 | Scout Tower |
| 21:18 | Scout Tower |
| 21:19 | Scout Tower |
| 21:20 | Scout Tower |
| 21:20 | Scout Tower |
| 21:21 | Scout Tower |
| 21:21 | Scout Tower |
| 21:42 | Orb of Venom |
| 21:42 | Orb of Venom |
| 21:45 | Guard Tower |
| 21:55 | Scout Tower |
| 21:56 | Scout Tower |
| 21:56 | Scout Tower |
| 21:56 | Scout Tower |
| 21:57 | Scout Tower |
| 21:57 | Scout Tower |
| 21:58 | Scout Tower |
| 21:58 | Scout Tower |
| 21:59 | Scout Tower |
| 21:59 | Scout Tower |
| 22:06 | Peasant |
| 22:06 | Peasant |
| 22:06 | Peasant |
| 22:11 | Scout Tower |
| 22:12 | Scout Tower |
| 22:12 | Scout Tower |
| 22:13 | Scout Tower |
| 22:13 | Scout Tower |
| 22:14 | Scout Tower |
| 22:14 | Scout Tower |
| 22:15 | Scout Tower |
| 22:15 | Scout Tower |
| 22:15 | Scout Tower |
| 22:16 | Scout Tower |
| 22:16 | Scout Tower |
| 22:17 | Scout Tower |
| 22:19 | Guard Tower |
| 22:22 | Orb of Venom |
| 22:22 | Orb of Venom |
| 22:32 | Scout Tower |
| 22:32 | Scout Tower |
| 22:33 | Scout Tower |
| 22:34 | Scout Tower |
| 22:34 | Scout Tower |
| 22:35 | Scout Tower |
| 22:35 | Scout Tower |
| 22:56 | Arcane Tower |
| 22:57 | Arcane Tower |
| 22:57 | Arcane Tower |
| 22:58 | Arcane Tower |
| 23:43 | Guard Tower |
| 24:26 | Storm Bolt |
| 24:46 | Scout Tower |
| 24:46 | Guard Tower |
| 25:15 | Scout Tower |
| 25:15 | Scout Tower |
| 25:16 | Scout Tower |
| 25:28 | Holy Light |
| 25:53 | Guard Tower |
| 26:01 | Guard Tower |
| 26:02 | Scout Tower |
| 26:03 | Scout Tower |
| 26:03 | Scout Tower |
| 26:04 | Scout Tower |
| 26:04 | Scout Tower |
| 26:05 | Scout Tower |
| 26:06 | Scout Tower |
| 26:06 | Scout Tower |
| 26:07 | Scout Tower |
| 26:09 | Guard Tower |
| 26:12 | Arcane Tower |
| 26:13 | Arcane Tower |
| 26:13 | Arcane Tower |
| 26:16 | Guard Tower |
| 26:17 | Scout Tower |
| 26:18 | Scout Tower |
| 26:18 | Scout Tower |
| 26:19 | Scout Tower |
| 26:20 | Scout Tower |
| 26:20 | Scout Tower |
| 26:21 | Scout Tower |
| 26:22 | Scout Tower |
| 26:25 | Scout Tower |
| 26:26 | Scout Tower |
| 26:26 | Scout Tower |
| 26:27 | Scout Tower |
| 26:27 | Scout Tower |
| 26:27 | Scout Tower |
| 26:28 | Scout Tower |
| 26:29 | Scout Tower |
| 26:29 | Scout Tower |
| 26:29 | Scout Tower |
| 26:31 | Guard Tower |
| 26:34 | Scout Tower |
| 26:35 | Scout Tower |
| 26:35 | Scout Tower |
| 26:35 | Scout Tower |
| 26:36 | Scout Tower |
| 26:37 | Scout Tower |
| 26:38 | Scout Tower |
| 26:40 | Scout Tower |
| 26:40 | Scout Tower |
| 26:41 | Scout Tower |
| 26:43 | Scout Tower |
| 26:43 | Scout Tower |
| 26:43 | Scout Tower |
| 26:44 | Scout Tower |
| 26:44 | Scout Tower |
| 26:46 | Guard Tower |
| 27:26 | Guard Tower |
| 28:00 | Brilliance Aura |
| 28:21 | Guard Tower |
| 28:46 | Guard Tower |
| 28:48 | Guard Tower |
| 28:50 | Guard Tower |
| Right click | 2063 |
| Select | 917 |
| Select group | 377 |
| Build/train/purchase | 238 |
| Use ability | 85 |
| Chat | 62 |
| Misc. action | 31 |
| Assign group | 11 |
| Item give/drop | 9 |
| Remove unit | 6 |
| Minimap ping | 4 |



| Orb of Venom | 4 | 1300 |
| Staff of Teleportation | 3 | 450 |
| Boots of Speed | 3 | 750 |
| Circlet of Nobility | 2 | 350 |
| Periapt of Vitality | 1 | 325 |
| Staff of Sanctuary | 4 | 1000 |
| total: | 17 | 4175g |
| Wisp | 25 | 1500 | / | 0 |
| total: | 25 | 1500g | / | 0w |
| Altar of Elders | 2 | 360 | / | 100 |
| Moon Well | 37 | 6660 | / | 1480 |
| Hunter's Hall | 1 | 210 | / | 100 |
| Tree of Life | 1 | 340 | / | 185 |
| Ancient of Wonders | 1 | 90 | / | 30 |
| Tree of Ages | 1 | 320 | / | 180 |
| Tree of Eternity | 2 | 660 | / | 400 |
| total: | 42 | 7660g | / | 1895w |
| 0:03 | Wisp |
| 0:03 | Wisp |
| 0:15 | Altar of Elders |
| 0:19 | Wisp |
| 0:29 | Moon Well |
| 0:31 | Moon Well |
| 0:38 | Wisp |
| 0:50 | Wisp |
| 0:50 | Wisp |
| 1:07 | Wisp |
| 1:33 | Moon Well |
| 1:41 | Wisp |
| 1:42 | Wisp |
| 1:55 | Wisp |
| 1:55 | Wisp |
| 2:19 | Shadow Strike |
| 2:25 | Wisp |
| 2:25 | Wisp |
| 2:49 | Wisp |
| 3:10 | Moon Well |
| 3:16 | Tree of Ages |
| 4:22 | Moon Well |
| 4:38 | Hunter's Hall |
| 5:30 | Staff of Teleportation |
| 5:30 | Boots of Speed |
| 5:32 | Circlet of Nobility |
| 6:23 | Tree of Eternity |
| 6:50 | Entangling Roots |
| 7:05 | Ultravision |
| 7:09 | Tree of Life |
| 7:58 | Ancient of Wonders |
| 9:21 | Blink |
| 10:20 | Well Spring |
| 10:24 | Thorns Aura |
| 10:53 | Wisp |
| 10:53 | Wisp |
| 10:53 | Wisp |
| 10:53 | Wisp |
| 10:54 | Wisp |
| 11:23 | Orb of Venom |
| 11:33 | Staff of Teleportation |
| 11:33 | Boots of Speed |
| 11:33 | Periapt of Vitality |
| 12:00 | Soul Burn |
| 13:36 | Shadow Strike |
| 13:49 | Moon Well |
| 13:50 | Moon Well |
| 13:52 | Moon Well |
| 13:53 | Moon Well |
| 13:54 | Moon Well |
| 13:54 | Moon Well |
| 14:10 | Staff of Sanctuary |
| 14:26 | Orb of Venom |
| 15:11 | Incinerate |
| 16:05 | Staff of Sanctuary |
| 16:24 | Moon Well |
| 16:25 | Moon Well |
| 16:25 | Moon Well |
| 16:29 | Moon Well |
| 16:30 | Moon Well |
| 16:40 | Moon Well |
| 16:41 | Moon Well |
| 16:42 | Moon Well |
| 16:43 | Moon Well |
| 16:44 | Moon Well |
| 16:45 | Moon Well |
| 16:46 | Moon Well |
| 16:47 | Moon Well |
| 16:48 | Moon Well |
| 17:11 | Orb of Venom |
| 17:11 | Orb of Venom |
| 17:27 | Staff of Sanctuary |
| 18:02 | Boots of Speed |
| 18:27 | Wisp |
| 18:27 | Wisp |
| 18:27 | Wisp |
| 18:31 | Staff of Sanctuary |
| 18:50 | Entangling Roots |
| 19:58 | Altar of Elders |
| 21:55 | Staff of Teleportation |
| 21:56 | Circlet of Nobility |
| 22:23 | Moon Well |
| 22:24 | Moon Well |
| 22:26 | Wisp |
| 22:26 | Wisp |
| 22:26 | Wisp |
| 22:59 | Moon Well |
| 23:00 | Moon Well |
| 23:01 | Moon Well |
| 23:02 | Moon Well |
| 23:02 | Moon Well |
| 25:05 | Soul Burn |
| 25:26 | Blink |
| 26:46 | Thorns Aura |
| 28:04 | Incinerate |
| 28:39 | Shadow Strike |
| 28:45 | Moon Well |
| 28:46 | Moon Well |
| 28:48 | Moon Well |
| 28:49 | Moon Well |
| 28:51 | Moon Well |
| Right click | 2404 |
| Select group | 2021 |
| Select | 226 |
| Resource trade | 124 |
| Use ability | 117 |
| Build/train/purchase | 80 |
| Misc. action | 62 |
| Chat | 41 |
| Item give/drop | 21 |
| Minimap ping | 20 |
| Assign group | 9 |
| Esc | 1 |
150 units @ 24.2k
/ 3.7k
45 buildings @ 8k
/ 2.9k


| Healing Salve | 3 | 300 |
| total: | 3 | 300g |
| Peon | 15 | 1125 | / | 0 |
| Grunt | 13 | 2600 | / | 0 |
| Tauren | 14 | 3920 | / | 1120 |
| Demolisher | 4 | 880 | / | 200 |
| Troll Headhunter | 1 | 140 | / | 20 |
| total: | 47 | 8665g | / | 1340w |
| Altar of Storms | 1 | 180 | / | 50 |
| Orc Burrow | 9 | 1440 | / | 360 |
| Barracks | 2 | 360 | / | 100 |
| War Mill | 1 | 205 | / | 0 |
| Voodoo Lounge | 1 | 130 | / | 30 |
| Great Hall | 1 | 385 | / | 185 |
| Tauren Totem | 2 | 270 | / | 310 |
| Stronghold | 1 | 315 | / | 190 |
| Fortress | 1 | 325 | / | 190 |
| total: | 17 | 2970g | / | 1035w |
| 0:03 | Peon |
| 0:15 | Altar of Storms |
| 0:18 | Orc Burrow |
| 0:24 | Orc Burrow |
| 0:25 | Peon |
| 0:39 | Barracks |
| 0:49 | Peon |
| 1:05 | Peon |
| 1:29 | Peon |
| 1:42 | Grunt |
| 1:53 | Orc Burrow |
| 2:01 | Peon |
| 2:22 | Wind Walk |
| 2:34 | Peon |
| 3:01 | Grunt |
| 3:07 | War Mill |
| 3:28 | Grunt |
| 3:52 | Stronghold |
| 3:57 | Barracks |
| 4:13 | Grunt |
| 4:24 | Orc Burrow |
| 4:34 | Steel Melee Weapons |
| 4:52 | Voodoo Lounge |
| 5:19 | Grunt |
| 5:26 | Orc Burrow |
| 5:45 | Grunt |
| 5:56 | Critical Strike |
| 6:14 | Berserker Strength |
| 6:20 | Fortress |
| 6:30 | Healing Salve |
| 6:51 | Grunt |
| 7:06 | Steel Armor |
| 7:50 | Grunt |
| 7:50 | Grunt |
| 8:07 | Tauren Totem |
| 9:39 | Tauren |
| 9:46 | Tauren Totem |
| 10:09 | Healing Salve |
| 10:32 | Grunt |
| 10:47 | Tauren |
| 10:56 | Grunt |
| 11:10 | Endurance Aura |
| 11:42 | Orc Burrow |
| 11:49 | Grunt |
| 12:00 | Thorium Melee Weapons |
| 12:36 | Great Hall |
| 12:39 | Orc Burrow |
| 13:10 | Tauren |
| 13:30 | Thorium Armor |
| 13:40 | Critical Strike |
| 13:50 | War Stomp |
| 14:18 | Orc Burrow |
| 15:27 | Tauren |
| 15:34 | Peon |
| 15:35 | Peon |
| 15:42 | Pulverize |
| 16:08 | Peon |
| 16:14 | Tauren |
| 16:22 | Healing Salve |
| 16:48 | Tauren |
| 17:37 | Peon |
| 17:39 | Arcanite Armor |
| 17:58 | Peon |
| 17:58 | Peon |
| 18:01 | Orc Burrow |
| 18:04 | Tauren |
| 19:28 | Endurance Aura |
| 19:32 | Tauren |
| 19:32 | Tauren |
| 20:04 | Tauren |
| 20:25 | Demolisher |
| 20:29 | Steel Ranged Weapons |
| 20:47 | Pillage |
| 21:13 | Troll Headhunter |
| 21:16 | Demolisher |
| 21:41 | Peon |
| 21:42 | Peon |
| 21:47 | Demolisher |
| 22:10 | Burning Oil |
| 24:08 | Tauren |
| 24:22 | Demolisher |
| 24:54 | Shockwave |
| 25:43 | Tauren |
| 25:43 | Tauren |
| 25:55 | Grunt |
| 26:55 | Tauren |
| Right click | 392 |
| Select | 262 |
| Select group | 229 |
| Build/train/purchase | 94 |
| Misc. action | 86 |
| Assign group | 46 |
| Minimap ping | 33 |
| Use ability | 16 |
| Resource trade | 5 |
| Esc | 3 |

| Healing Salve | 2 | 200 |
| Scroll of Town Portal | 2 | 700 |
| total: | 4 | 900g |
| Peon | 15 | 1125 | / | 0 |
| Grunt | 7 | 1400 | / | 0 |
| Shaman | 11 | 1430 | / | 220 |
| Demolisher | 11 | 2420 | / | 550 |
| Troll Witch Doctor | 11 | 1595 | / | 275 |
| total: | 55 | 7970g | / | 1045w |
| Altar of Storms | 1 | 180 | / | 50 |
| Orc Burrow | 5 | 800 | / | 200 |
| Barracks | 3 | 540 | / | 150 |
| Voodoo Lounge | 1 | 130 | / | 30 |
| War Mill | 1 | 205 | / | 0 |
| Great Hall | 1 | 385 | / | 185 |
| Spirit Lodge | 2 | 300 | / | 300 |
| Stronghold | 1 | 315 | / | 190 |
| Fortress | 2 | 650 | / | 380 |
| total: | 14 | 2540g | / | 915w |
| 0:17 | Peon |
| 0:17 | Peon |
| 0:17 | Peon |
| 0:26 | Altar of Storms |
| 0:28 | Orc Burrow |
| 0:37 | Barracks |
| 0:51 | Peon |
| 0:52 | Peon |
| 1:14 | Peon |
| 1:14 | Peon |
| 1:39 | Orc Burrow |
| 1:51 | Grunt |
| 1:51 | Grunt |
| 2:26 | Voodoo Lounge |
| 2:32 | Grunt |
| 3:10 | Critical Strike |
| 3:27 | Grunt |
| 3:33 | Orc Burrow |
| 3:51 | War Mill |
| 4:26 | Stronghold |
| 4:47 | Grunt |
| 4:58 | Wind Walk |
| 5:14 | Grunt |
| 5:19 | Healing Salve |
| 6:11 | Wind Walk |
| 6:13 | Grunt |
| 6:39 | Orc Burrow |
| 7:00 | Peon |
| 7:00 | Peon |
| 7:01 | Peon |
| 7:09 | Spirit Lodge |
| 7:43 | Spirit Lodge |
| 7:46 | Fortress |
| 8:30 | Shaman Adept Training |
| 9:23 | Shaman |
| 9:25 | Witch Doctor Adept Training |
| 9:26 | Demolisher |
| 9:38 | Healing Salve |
| 9:53 | Reinforced Defenses |
| 10:08 | Shaman Master Training |
| 10:21 | Scroll of Town Portal |
| 10:28 | Witch Doctor Master Training |
| 10:54 | Troll Witch Doctor |
| 10:56 | Shaman |
| 10:59 | Troll Witch Doctor |
| 11:37 | Shaman |
| 12:07 | Scroll of Town Portal |
| 12:32 | Troll Witch Doctor |
| 13:32 | Troll Witch Doctor |
| 13:35 | Shaman |
| 13:38 | Demolisher |
| 13:42 | Orc Burrow |
| 15:30 | Shaman |
| 15:32 | Troll Witch Doctor |
| 15:34 | Shaman |
| 15:35 | Troll Witch Doctor |
| 15:46 | Great Hall |
| 16:07 | Demolisher |
| 16:09 | Burning Oil |
| 17:46 | Mirror Image |
| 20:05 | Demolisher |
| 20:07 | Shaman |
| 20:08 | Shaman |
| 20:08 | Shaman |
| 20:10 | Troll Witch Doctor |
| 20:10 | Troll Witch Doctor |
| 20:10 | Troll Witch Doctor |
| 20:16 | Barracks |
| 20:18 | Barracks |
| 20:49 | Demolisher |
| 21:17 | Shaman |
| 21:19 | Troll Witch Doctor |
| 21:21 | Demolisher |
| 21:23 | Demolisher |
| 21:29 | Demolisher |
| 25:20 | Demolisher |
| 25:23 | Peon |
| 25:23 | Peon |
| 25:24 | Peon |
| 25:24 | Peon |
| 25:24 | Peon |
| 26:07 | Shaman |
| 26:09 | Troll Witch Doctor |
| 26:41 | Demolisher |
| 26:44 | Demolisher |
| Right click | 770 |
| Select | 364 |
| Select group | 300 |
| Misc. action | 129 |
| Build/train/purchase | 102 |
| Assign group | 32 |
| Use ability | 27 |
| Resource trade | 11 |
| Chat | 11 |
| Remove unit | 4 |
| Item give/drop | 1 |
| Minimap ping | 1 |

| Healing Salve | 1 | 100 |
| Potion of Healing | 1 | 150 |
| total: | 2 | 250g |
| Peon | 11 | 825 | / | 0 |
| Grunt | 1 | 200 | / | 0 |
| Troll Headhunter | 7 | 980 | / | 140 |
| Demolisher | 9 | 1980 | / | 450 |
| Troll Batrider | 13 | 2080 | / | 520 |
| Troll Berserker | 3 | 420 | / | 60 |
| Wind Rider | 4 | 1060 | / | 160 |
| total: | 48 | 7545g | / | 1330w |
| Watch Tower | 1 | 110 | / | 80 |
| Altar of Storms | 1 | 180 | / | 50 |
| Orc Burrow | 6 | 960 | / | 240 |
| Barracks | 1 | 180 | / | 50 |
| War Mill | 1 | 205 | / | 0 |
| Voodoo Lounge | 1 | 130 | / | 30 |
| Great Hall | 1 | 385 | / | 185 |
| Beastiary | 2 | 290 | / | 280 |
| Stronghold | 1 | 315 | / | 190 |
| Fortress | 1 | 325 | / | 190 |
| total: | 14 | 2440g | / | 915w |
| 0:15 | Peon |
| 0:22 | Altar of Storms |
| 0:34 | Orc Burrow |
| 0:35 | Peon |
| 0:51 | Peon |
| 1:21 | Barracks |
| 1:23 | Peon |
| 1:51 | Orc Burrow |
| 2:05 | Peon |
| 2:24 | War Mill |
| 2:31 | Grunt |
| 2:37 | Peon |
| 3:03 | Voodoo Lounge |
| 3:09 | Feral Spirit |
| 3:45 | Troll Headhunter |
| 3:46 | Troll Headhunter |
| 3:48 | Steel Armor |
| 4:04 | Peon |
| 4:22 | Troll Headhunter |
| 4:23 | Troll Headhunter |
| 5:06 | Orc Burrow |
| 5:08 | Stronghold |
| 5:53 | Troll Headhunter |
| 5:55 | Steel Ranged Weapons |
| 5:55 | Spiked Barricades |
| 6:01 | Chain Lighting |
| 6:15 | Watch Tower |
| 6:52 | Troll Headhunter |
| 7:54 | Beastiary |
| 7:58 | Beastiary |
| 8:01 | Troll Regeneration |
| 8:09 | Thorium Armor |
| 8:44 | Demolisher |
| 9:29 | Orc Burrow |
| 9:32 | Demolisher |
| 9:53 | Orc Burrow |
| 10:37 | Fortress |
| 10:56 | Troll Batrider |
| 11:02 | Troll Batrider |
| 12:03 | Chain Lighting |
| 12:17 | Troll Headhunter |
| 12:26 | Troll Batrider |
| 12:49 | Thorium Ranged Weapons |
| 13:01 | Burning Oil |
| 13:05 | Liquid Fire |
| 13:07 | Troll Batrider |
| 13:07 | Troll Batrider |
| 13:45 | Troll Batrider |
| 13:57 | Orc Burrow |
| 13:59 | Berserker Upgrade |
| 14:01 | Arcanite Armor |
| 15:27 | Demolisher |
| 15:44 | Arcanite Ranged Weapons |
| 16:19 | Far Sight |
| 17:22 | Troll Batrider |
| 17:32 | Great Hall |
| 20:08 | Demolisher |
| 20:08 | Demolisher |
| 20:29 | Troll Batrider |
| 20:29 | Troll Batrider |
| 20:38 | Chain Lighting |
| 21:34 | Troll Batrider |
| 21:36 | Troll Batrider |
| 21:42 | Demolisher |
| 21:57 | Healing Salve |
| 21:59 | Potion of Healing |
| 22:26 | Troll Batrider |
| 23:27 | Troll Batrider |
| 23:30 | Troll Berserker |
| 23:31 | Troll Berserker |
| 23:31 | Troll Berserker |
| 24:17 | Demolisher |
| 24:54 | Peon |
| 24:54 | Peon |
| 24:54 | Peon |
| 24:54 | Peon |
| 26:04 | Wind Rider |
| 26:04 | Wind Rider |
| 26:16 | Demolisher |
| 26:57 | Envenomed Spears |
| 27:29 | Demolisher |
| 27:34 | Wind Rider |
| 27:35 | Wind Rider |
| Right click | 993 |
| Select group | 370 |
| Select | 282 |
| Misc. action | 108 |
| Build/train/purchase | 81 |
| Assign group | 40 |
| Use ability | 13 |
| Resource trade | 10 |
⇛